 Dungeon Crawl Stone Soup version 0.17.0-24-gcfadda4 (webtiles) character file.

166 Raultor the Sneak (level 5, -9/35 HPs)
             Began as a Vampire Enchanter on Nov 16, 2015.
             Killed by divine providence
             ... invoked by an orc priest
              (11 damage)
             ... on level 5 of the Dungeon.
             The game lasted 00:12:30 (2546 turns).

Raultor the Sneak (Vampire Enchanter)               Turns: 2546, Time: 00:12:30

Health: -9/35      AC:  4    Str:  7    XL:     5   Next: 22%
Magic:  11/17      EV: 13    Int: 19    God:
Gold:   140        SH:  0    Dex: 14    Spells: 3 memorised, 3 levels left

rFire  . . .     SeeInvis +     a - +1 dagger
rCold  . . .     Clarity  .     b - +1 robe
rNeg   . . .     SustAt   .     (no shield)
rPois  .         Gourm    .     (no helmet)
rElec  .         Spirit   .     (no cloak)
rCorr  +         Warding  .     n - +0 pair of gloves
rMut   .         Stasis   .     (no boots)
MR     .....                    h - amulet of resist corrosion
Stlth  ++++......               (no ring)
                                m - ring of magical power

@: regenerating quickly, not resistant to hostile enchantments, stealthy
A: fangs 3, see invisible, unbreathing
a: no special abilities


You were on level 5 of the Dungeon.
You were full.

You visited 1 branch of the dungeon, and saw 5 of its levels.

You collected 140 gold pieces.

Inventory:

Hand Weapons
 a - a +1 dagger (weapon)
Armour
 b - a +1 robe (worn)
 n - a +0 pair of gloves (worn)
Jewellery
 h - an amulet of resist corrosion (around neck)
 m - a ring of magical power (left hand)
Scrolls
 f - 3 scrolls of remove curse
 g - a scroll of immolation {unknown}
 i - 6 scrolls of identify
 k - a scroll of noise {unknown}
 l - 5 scrolls of teleportation {unknown}
 o - 3 scrolls of enchant armour {unknown}
Potions
 d - 13 potions of blood
 e - a potion of flight {unknown}
 j - a potion of degeneration {unknown}
 p - 2 potions of lignification {unknown}
 q - a potion of mutation {unknown}
 r - a potion of poison {unknown}
 s - a potion of curing {unknown}
Books
 c - a book of Maledictions

   Spells                             Type                      Level
   a - Corona                         Hexes                        1
   b - Ensorcelled Hibernation        Hexes/Ice                    2
   c - Confuse                        Hexes                        3
   d - Tukima's Dance                 Hexes                        3
   e - Dazzling Spray                 Conjuration/Hexes            3


   Skills:
 + Level 2.1 Short Blades
 - Level 3.1 Dodging
 + Level 6.2 Stealth
 + Level 2.5 Spellcasting
 * Level 5.9 Hexes


You had 3 spell levels left.
You knew the following spells:

 Your Spells              Type           Power        Failure   Level  Hunger
a - Corona                Hex            ####...      1%          1    #......
b - Ensorcelled Hibernat  Hex/Ice        ##....       10%         2    ##.....
c - Tukima's Dance        Hex            ####....     4%          3    ###....


Dungeon Overview and Level Annotations

Branches:
Dungeon (5/15)
 Temple: D:4-7

Altars:

Annotations:
D:4 UristPineapples's ghost, amateur GrFi


Innate Abilities, Weirdness & Mutations

Your natural rate of healing is unusually fast.
You have razor-sharp teeth.
You have supernaturally acute eyesight.
You can survive without breathing.


Message History

The ogre is moderately wounded.
Your giant club completely misses the orc wizard.
The ogre hits you.
The orc priest hits your giant club but does no damage.
Casting: Tukima's Dance
Confirm with . or Enter, or press ? or * to list all spells.
Aiming: Tukima's Dance
Press: ? - help, Shift-Dir - straight line, f/p - ogre
Aim: an ogre (moderately wounded, chance to defeat MR: 81%)
Okay, then.
Casting: Tukima's Dance
Confirm with . or Enter, or press ? or * to list all spells.
Aiming: Ensorcelled Hibernation
Press: ? - help, Shift-Dir - straight line, f/p - ogre
Aim: an ogre (moderately wounded, chance to defeat MR: 44%)
The ogre resists with some effort.
The ogre hits you!
* * * LOW HITPOINT WARNING * * *
The orc priest mumbles some strange prayers to Beogh against you.
Something smites you!
You die...

#.<...........#
#....>........#
#...........[)#
#..........)..#
#....%........#
#.............#
#............##
#...........##
#.@##..###..#
##O##.## ..#
oo##.# ... oo(#
..... ......
.......
!......##


You could see an ogre, an orc priest, an orc wizard (invisible), 2 orcs and a
friendly giant club.

Vanquished Creatures
  7 adders
  An ooze (D:3)
  2 worms
  2 giant geckos (D:3)
  3 orcs (D:3)
  5 giant cockroaches (D:1)
  6 goblins
  9 hobgoblins
  A quokka (D:3)
  7 bats
  6 giant newts
  9 jackals
  7 kobolds
  9 rats
74 creatures vanquished.

Vanquished Creatures (collateral kills)
  An orc wizard (D:5)
1 creature vanquished.

Grand Total: 75 creatures vanquished

Notes
Turn   | Place    | Note
--------------------------------------------------------------
     0 | D:1      | Raultor the Vampire Enchanter began the quest for the Orb.
     0 | D:1      | Reached XP level 1. HP: 13/13 MP: 3/3
   233 | D:1      | Reached XP level 2. HP: 16/19 MP: 5/5
   690 | D:1      | Reached skill level 5 in Hexes
   702 | D:1      | Reached XP level 3. HP: 21/24 MP: 6/6
  1082 | D:2      | Learned a level 2 spell: Ensorcelled Hibernation
  1086 | D:2      | Learned a level 3 spell: Tukima's Dance
  1138 | D:2      | Reached skill level 5 in Stealth
  1451 | D:2      | Reached XP level 4. HP: 30/30 MP: 7/7
  2230 | D:3      | Reached skill level 6 in Stealth
  2438 | D:3      | Reached XP level 5. HP: 35/35 MP: 8/8
  2479 | D:4      | Noticed UristPineapples's ghost (amateur GrFi)
  2486 | D:5      | Entered Level 5 of the Dungeon
  2525 | D:5      | Noticed an ogre
  2546 | D:5      | Killed from afar by an orc priest

Action                   |  1- 3 |  4- 6 || total
-------------------------+-------+-------++-------
Melee: Dagger            |   148 |    97 ||   245
 Cast: Corona            |     3 |       ||     3
       Ensorcelled Hiber |     1 |    20 ||    21
       Tukima's Dance    |       |     2 ||     2
  Use: Scroll            |       |     2 ||     2
 Stab: Sleeping          |     9 |    19 ||    28
  Eat: Corpse            |    11 |     7 ||    18
